 Dungeon Crawl Stone Soup version 0.30-a0-723-gc1506a1cf0 (webtiles) character file.

Game seed: 16684220044307511046

1797 browni3141 the Ruffian (level 8, -6/83 HPs)
             Began as a Troll Berserker on Jan 28, 2023.
             Was a Priest of Trog.
             Mangled by a yak (12 damage)
             ... on level 5 of the Dungeon.
             The game lasted 00:07:56 (3722 turns).

browni3141 the Ruffian (Troll Berserker)            Turns: 3722, Time: 00:07:58

Health: -6/83      AC:  4    Str: 28    XL:     8   Next: 83%
Magic:  7/7        EV: 10    Int:  3    God:    Trog [***...]
Gold:   301        SH:  0    Dex:  9    Spells: 7/7 levels left

rFire   . . .      SeeInvis .      - Unarmed
rCold   . . .      Faith    .    (no shield)
rNeg    . . .      Spirit   .    a - +0 animal skin
rPois   .          Reflect  .    (helmet restricted)
rElec   .          Harm     .    (no cloak)
rCorr   .          Rampage  .    (gloves unavailable)
Will    ++...                    (boots unavailable)
Stlth   +                        (no amulet)
HPRegen 2.13/turn                (no ring)
MPRegen 0.10/turn                (no ring)

@: strong-willed, on berserk cooldown, regenerating, slowed, very slow
A: large, unfitting armour, claws 3, regeneration 1, shaggy fur 1, tough skin 1
a: Renounce Religion, Berserk, Trog's Hand


You were on level 5 of the Dungeon.
You worshipped Trog.
Trog was most pleased with you.
You visited 1 branch of the dungeon, and saw 5 of its levels.

You collected 301 gold pieces.

Inventory:

Missiles
 g - 5 javelins (quivered)
 o - 4 boomerangs
Armour
 a - a +0 animal skin (worn)
Jewellery
 e - a ring of resist corrosion
Wands
 l - a wand of digging (3)
 p - a wand of iceblast (4)
Scrolls
 c - a scroll of poison {unknown}
Potions
 b - 6 potions of curing {unknown}
 d - 3 potions of brilliance {unknown}
 f - 2 potions of degeneration {unknown}
 h - a potion of flight {unknown}
 i - a potion of haste {unknown}
 j - 2 potions of lignification {unknown}
 k - a potion of might {unknown}
 m - a potion of attraction {unknown}
 n - a potion of magic {unknown}


   Skills:
 * Level 6.0 Fighting
 + Level 3.5 Throwing
 + Level 4.6 Dodging
 - Level 1.0 Stealth
 * Level 7.2 Unarmed Combat


You had 7 spell levels left.
You didn't know any spells.
Your spell library was empty.

Dungeon Overview and Level Annotations

Branches:
Dungeon (5/15)
 Temple: D:4-7

Altars:
Kikubaaqudgha
Makhleb
The Shining One

Shops:
D:4 [


Innate Abilities, Weirdness & Mutations

You are too large for most types of armour.
You have claws for hands.
Your natural rate of healing is unusually fast.
You are covered in fur. (AC +1)
You have tough skin. (AC +1)


Message History

The yak gores you. The yak gores you! The yak barely misses you.
The yak gores you!
You scratch the yak but do no damage.
The yak is heavily wounded.
You mangle the jelly!!
You kill the jelly!
Trog accepts your kill.
You claw the yak!
The yak is almost dead.
You claw the yak!
You kill the yak!
Trog accepts your kill. The yak gores you but does no damage.
The yak gores you.
Your Unarmed Combat skill increases to level 7!
You barely miss the yak.
The yak is moderately wounded.
You scratch the yak.
The yak is heavily wounded.
The yak completely misses you. The yak gores you but does no damage.
You claw the yak!
The yak is almost dead.
The yak gores you. The yak gores you!
You mangle the yak!!
You kill the yak!
Trog accepts your kill.
Your Fighting skill increases to level 6!
You claw the yak!
The yak is heavily wounded.
You are no longer berserk.
You are exhausted.
You feel yourself slow down. The yak misses you.
Your skin crawls.
You feel strong-willed. The yak gores you!
* * * LOW HITPOINT WARNING * * *
The yak gores you but does no damage. The yak attacks as you move away!
The yak gores you!
* * * LOW HITPOINT WARNING * * *
The yak gores you!
You die...

.. #..## ........).....
.## ... .#........#.....
....................
..##......>........#....
..#..............####...
#.#.#.#.........## #...
................##..##
.#.#.#.#....[##....#..##
.......@......##........
.#.#.#w#Y....###.#.# ...
........Y..........###..
.#.#.#.#............#...
(......#..........##...
#.#.#.##...#.#..####...
....... #...#.#.........
.#.#.#. #.######......#.
..........# ##..#####


You could see 2 yaks and a worm.

Vanquished Creatures
  Eustachio (D:4)
  2 yaks (D:5)
  Menkaure (D:5)
  An ice beast (D:5)
  The ghost of Hamu the Thaumaturge, an amateur GnWn (D:3)
  2 centaurs (D:5)
  A phantom (D:3)
  A necrophage (D:4)
  A scorpion (D:4)
  A howler monkey (D:5)
  A centaur skeleton (D:3)
  2 hounds (D:5)
  A jelly (D:5)
  An orc priest (D:5)
  A bullfrog skeleton (D:3)
  Natasha (thrice) (D:3)
  Terence (D:3)
  5 orc wizards
  A killer bee zombie (D:3)
  4 gnolls (D:3)
  8 adders
  A white imp (D:5)
  6 worms
  A dart slug (D:3)
  13 orcs
  9 ball pythons
  6 endoplasms
  5 giant cockroaches
  8 goblins
  8 hobgoblins
  4 jackals (D:2)
  7 kobolds
  5 quokkas
  7 bats
  4 frilled lizards
  3 rats
127 creatures vanquished.

Vanquished Creatures (others)
  A ball python (D:3)
1 creature vanquished.

Grand Total: 128 creatures vanquished

Notes
Turn   | Place    | Note
-------+----------+-------------------------------------------
     0 | D:1      | browni3141 the Troll Berserker began the quest for the Orb.
     0 | D:1      | Reached XP level 1. HP: 22/22 MP: 0/0
   223 | D:1      | Reached skill level 1 in Stealth
   223 | D:1      | Reached XP level 2. HP: 27/29 MP: 1/1
   758 | D:2      | Reached XP level 3. HP: 36/36 MP: 2/2
   986 | D:2      | Reached ** piety under Trog
  1234 | D:2      | Reached XP level 4. HP: 43/45 MP: 3/3
  1760 | D:3      | Noticed Natasha
  1774 | D:3      | Killed Natasha
  1775 | D:3      | Reached skill level 4 in Unarmed Combat
  1775 | D:3      | Reached XP level 5. HP: 52/53 MP: 4/4
  1883 | D:3      | Found an ancient bone altar of Kikubaaqudgha.
  2153 | D:3      | Found a transporter.
  2153 | D:3      | Noticed Hamu's ghost (amateur GnWn)
  2155 | D:3      | Found a transporter.
  2241 | D:3      | Noticed Natasha
  2248 | D:3      | Killed Natasha
  2355 | D:3      | Noticed Terence
  2365 | D:3      | Killed Terence
  2366 | D:3      | Reached XP level 6. HP: 57/62 MP: 5/5
  2474 | D:3      | Noticed Natasha
  2481 | D:3      | Killed Natasha
  2482 | D:3      | Reached skill level 1 in Throwing
  2630 | D:4      | Reached *** piety under Trog
  2681 | D:4      | Found Safypnam's Antique Armour Shop.
  2682 | D:4      | Noticed Eustachio
  2751 | D:3      | Reached skill level 5 in Unarmed Combat
  2754 | D:3      | Killed Hamu's ghost
  2755 | D:3      | Reached XP level 7. HP: 31/71 MP: 6/6
  2829 | D:4      | Killed Eustachio
  3042 | D:4      | Found a glowing golden altar of the Shining One.
  3077 | D:4      | Found a burning altar of Makhleb.
  3247 | D:5      | Entered Level 5 of the Dungeon
  3247 | D:5      | Noticed Menkaure
  3333 | D:5      | Reached skill level 5 in Fighting
  3333 | D:5      | Reached skill level 6 in Unarmed Combat
  3421 | D:5      | Reached XP level 8. HP: 80/80 MP: 7/7
  3601 | D:5      | Killed Menkaure
  3716 | D:5      | Reached skill level 7 in Unarmed Combat
  3722 | D:5      | HP: 3/83 [yak (16)]
  3722 | D:5      | Mangled by a yak

Illustrated notes

Levels and vault maps discovered:
D:1:      dpeg_arrival_simpleton_b, layout_loops_ring
D:2:      minmay_thinvault, layout_basic, serial_bayou_pond_e,
          minmay_octomino_c4
D:3:      layout_loops_ring, nicolae_kikubaaqudgha_miasma_corner,
          gammafunk_ghost_mausoleum, uniq_natasha, uniq_terence
D:4:      layout_gridville, mainiacjoe_overflow_catch_the_wave, serial_shops,
          nicolae_shop_trees, uniq_eustachio
D:5:      layout_cave_pools, corexii_hall_statues_i, st_stairs_11, uniq_menkaure

Skill      XL: |  1  2  3  4  5  6  7  8 |
---------------+-------------------------+-----
Stealth        | 1 |  1.0
Fighting       | 3 4 5 6 |  6.0
Unarmed Combat | 4 5 6 7 |  7.2
Dodging        | 3 4 |  4.6
Throwing       | 1 2 3 |  3.5

Action                     |  1- 3 |  4- 6 |  7- 9 || total
---------------------------+-------+-------+-------++-------
  Melee: Unarmed           |    78 |   136 |   105 ||   319
         Punch             |       |     1 |     6 ||     7
  Throw: Javelin           |       |       |     1 ||     1
 Invoke: Berserk           |     1 |     3 |     3 ||     7
         Trog's Hand       |       |       |     1 ||     1
   Stab: Sleeping          |     2 |     3 |     1 ||     6
 Armour: Animal skin       |    20 |    42 |    24 ||    86
  Dodge: Dodged            |    28 |    54 |    57 ||   139

Table legend: (Time is in decaauts)
 A = Elapsed time spent in this place.
 B = Non-inter-level travel time spent in this place.
 C = Inter-level travel time spent in this place.
 D = Time resting spent in this place.
 E = Time spent auto-exploring this place.
 F = Levels seen in this place.
 G = Mean time per level.
                   A        B        C        D        E       F      G
               +--------+--------+--------+--------+--------+-----+--------+
         Total |   3755 |   3497 |    258 |    195 |   2552 |   5 |  751.0 |
       Dungeon |   3755 |   3497 |    258 |    195 |   2552 |   5 |  751.0 |
               +--------+--------+--------+--------+--------+-----+--------+

Top non-repeatable levels by time:
     D:2: 1109 daAuts
     D:3: 813 daAuts
     D:4: 722 daAuts
     D:1: 705 daAuts
     D:5: 404 daAuts
